Map: King Sejong Station LE

Players

Solar

  • Race: Zerg Zerg

EnVyUsPolt (Polt) - Winner!

  • Race: Terran Terran
  • League: Master

VOD

https://www.youtube.com/watch?v=FaGIL1i-s20

Description

Time

  • Played on: June 3, 2016, 9:19 p.m.
  • Length: 14:24
Show
View Real Time Build Order
Export as new Build Order

Solar Zerg 

Build Orders: Hatch First 

Get SALT Encoding   

  12  0:00  Drone  
  13  0:12  Overlord  
  13  0:17  Drone  
  14  0:31  Drone x2  
  14  0:35  Drone  
  17  0:52  Hatchery  
  17  0:55  Drone  
  17  0:58  Drone  
  17  1:03  Extractor  
  17  1:12  Spawning Pool  
  17  1:16  Drone  
  17  1:19  Drone  
  18  1:28  Drone  
  19  1:39  Overlord  
  19  1:59  Queen  
  19  2:00  Zergling x2  
  19  2:01  Zergling x2  
  23  2:03  Queen  
  23  2:04  Metabolic Boost  
  23  2:06  Drone  
  26  2:12  Drone  
  26  2:14  Drone  
  28  2:22  Drone  
  29  2:25  Drone  
  30  2:37  Drone  
  30  2:39  Queen  
  30  2:41  Overlord  
  30  2:44  Pneumatized Carapace  
  32  2:46  Drone  
  32  2:48  Drone  
  34  2:54  Drone  
  35  3:01  Drone  
  36  3:06  Drone  
  36  3:11  Overlord  
  37  3:14  Zergling x2  
  37  3:16  Drone x3  
  37  3:17  Drone  
  37  3:19  Drone  
  43  3:32  Zergling x2  
  43  3:33  Zergling x2  
  45  3:36  Drone, Hatchery  
  45  3:38  Drone  
  46  3:44  Overlord  
  46  3:45  Drone x3  
  49  3:53  Drone  
  49  3:54  Drone  
  51  3:59  Evolution Chamber  
  51  4:01  Overlord, Queen  
  52  4:03  Drone x3, Evolution Chamber  
  52  4:06  Extractor  
  52  4:09  Overlord  
  53  4:15  Drone  
  54  4:18  Drone x3  
  54  4:19  Drone  
  58  4:24  Spore Crawler  
  58  4:28  Drone x2  
  58  4:29  Zerg Ground Armor Level 1  
  58  4:30  Zerg Melee Weapons Level 1  
  59  4:32  Drone x2  
  59  4:34  Drone  
  62  4:38  Drone  
  63  4:47  Overlord  
  63  4:52  Queen  
  63  4:53  Lair  
  63  4:54  Drone  
  63  4:55  Drone x2  
  63  4:58  Drone  
  70  5:00  Drone, Extractor  
  70  5:05  Drone  
  70  5:09  Drone  
  70  5:13  Drone x2  
  73  5:20  Overlord  
  73  5:22  Drone x2  
  73  5:23  Drone x5  
  80  5:29  Baneling Nest  
  80  5:32  Drone  
  80  5:33  Drone  
  80  5:34  Overlord  
  79  5:47  Zergling x12  
  85  5:58  Extractor x2  
  85  5:59  Zergling x10  
  85  6:00  Overlord  
  85  6:02  Overlord  
  88  6:05  Drone x2  
  88  6:07  Overlord x2  
  88  6:11  Overlord  
  90  6:12  Centrifical Hooks  
  90  6:17  Hatchery  
  89  6:19  Overlord x2  
  89  6:20  Overlord  
  89  6:28  Zergling x10  
  89  6:29  Zerg Ground Armor Level 2, Zerg Melee Weapons Level 2  
  89  6:31  Zergling x6  
  97  6:35  Drone  
  97  6:37  Hatchery  
  97  6:38  Drone x2  
  97  6:40  Drone x2  
  97  6:46  Baneling x5  
  99  6:47  Zergling x4  
  95  6:54  Drone x3, Spire  
  95  6:57  Drone  
  95  6:58  Drone  
  95  6:59  Overlord  
  97  7:02  Baneling x2  
  97  7:04  Overseer  
  97  7:07  Drone x3  
  100  7:17  Zergling x6  
  100  7:22  Overlord  
  103  7:24  Overlord  
  103  7:25  Zergling x6  
  103  7:27  Zergling x10  
  111  7:30  Queen  
  111  7:31  Zergling x6  
  116  7:37  Baneling x5  
  116  7:40  Overlord  
  116  7:43  Baneling x11, Zergling x2  
  116  7:44  Zergling x4  
  119  7:48  Baneling  
  119  7:49  Baneling x3  
  119  7:50  Zergling x6  
  122  7:58  Zergling x10  
  127  8:01  Drone  
  127  8:02  Zergling x6  
  127  8:03  Zergling x8  
  127  8:05  Baneling x7  
  135  8:06  Zergling x6  
  138  8:13  Overlord  
  138  8:14  Zergling x2  
  138  8:15  Zergling x2  
  138  8:16  Zergling x2  
  138  8:17  Zergling x2  
  136  8:21  Overlord  
  135  8:28  Zergling x10  
  135  8:29  Corruptor x5  
  135  8:30  Corruptor  
  135  8:32  Zergling x2  
  135  8:33  Zergling x4  
  153  8:42  Drone  
  153  8:43  Baneling x5  
  153  8:44  Zergling x14  
  153  8:45  Baneling  
  153  8:46  Baneling x2  
  161  8:52  Zergling x6  
  161  8:54  Hatchery  
  162  8:56  Zergling x2  
  162  8:57  Zergling x2  
  161  9:03  Baneling x10  
  161  9:05  Zergling x22  
  161  9:07  Zergling x2  
  170  9:11  Baneling x5  
  170  9:14  Zergling x2  
  169  9:19  Zergling x8  
  169  9:22  Zergling x6  
  172  9:26  Corruptor  
  172  9:29  Zergling x8  
  155  9:40  Queen, Zergling x2  
  155  9:41  Zergling x8  
  154  9:51  Drone x3  
  154  9:54  Zergling x4  
  154  9:58  Baneling x3  
  154  9:59  Baneling x8, Zergling x2  
  155  10:04  Zergling x2  
  155  10:05  Zergling x6  
  152  10:09  Zergling x6  
  152  10:10  Zergling x2  
  152  10:12  Zergling x14  
  152  10:13  Zergling x2  
  163  10:15  Zergling x2  
  163  10:16  Hatchery, Zergling x8  
  166  10:24  Zergling x4  
  166  10:27  Baneling x9  
  166  10:28  Baneling x11  
  168  10:30  Zergling x8  
  170  10:39  Zergling x8  
  152  10:43  Zergling x2  
  152  10:46  Zergling x6  
  152  10:47  Overseer  
  152  10:49  Zergling x2  
  154  10:50  Zergling x6  
  157  10:58  Zergling x8  
  157  10:59  Overseer  
  142  11:05  Zergling x18  
  142  11:08  Corruptor x2  
  120  11:13  Drone x4  
  120  11:15  Infestation Pit  
  120  11:17  Zergling x2  
  119  11:21  Zergling x6  
  121  11:27  Zergling x10  
  121  11:29  Baneling x3  
  121  11:30  Baneling x10  
  121  11:31  Zergling x6  
  121  11:32  Zergling x10  
  132  11:34  Zergling x6  
  135  11:40  Zergling x2  
  135  11:41  Zergling x8  
  138  11:47  Zergling x4  
  138  11:52  Zergling x2  
  138  11:53  Zergling x6  
  135  12:00  Zergling x2  
  135  12:01  Zergling x18  
  126  12:05  Overseer  
  126  12:07  Baneling x8  
  126  12:08  Zergling x12  
  125  12:11  Hive  
  125  12:14  Zergling x4  
  125  12:22  Zergling x10  
  110  12:26  Zergling x4  
  110  12:27  Zergling x10  
  111  12:31  Baneling x5  
  111  12:32  Baneling x5  
  111  12:33  Zergling x8  
  111  12:35  Zergling x2  
  116  12:41  Zergling x12  
  108  12:45  Corruptor x2  
  108  12:49  Zergling x6  
  111  12:52  Zergling x4  
  111  12:53  Zergling x4  
  111  12:55  Zergling x2  
  111  12:56  Zergling x4  
  111  12:58  Zergling x4  
  107  12:59  Zergling x2  
  107  13:03  Zergling x8  
  107  13:05  Overseer  
  107  13:07  Baneling x4  
  107  13:09  Zergling x8  
  107  13:10  Baneling  
  107  13:12  Baneling x4  
  106  13:13  Baneling x2  
  106  13:14  Baneling  
  106  13:15  Baneling x3  
  106  13:18  Corruptor  
  108  13:25  Zergling x14  
  108  13:26  Zergling x2  
  114  13:28  Baneling  
  114  13:29  Baneling x3  
  114  13:30  Zergling x4  
  116  13:36  Zergling x2  
  116  13:37  Zergling x12  
  101  13:41  Zergling x2  
  101  13:42  Zergling x8  
Show
View Real Time Build Order
Export as new Build Order

EnVyUsPolt Terran - Winner!

Build Orders: Reaper Expand, MMM Bio 

Get SALT Encoding   

  12  0:00  SCV  
  13  0:13  SCV  
  14  0:17  Supply Depot  
  14  0:25  SCV  
  15  0:38  SCV  
  15  0:39  Barracks  
  16  0:44  Refinery  
  16  0:50  SCV  
  17  1:03  SCV  
  18  1:15  SCV  
  19  1:27  Orbital Command, Reaper  
  20  1:38  Command Center  
  20  1:50  Supply Depot  
  20  1:52  SCV  
  21  1:59  Marine  
  22  2:04  SCV  
  22  2:07  Factory  
  23  2:16  SCV  
  23  2:17  Refinery  
  23  2:18  Marine  
  25  2:29  SCV  
  26  2:36  Marine  
  27  2:41  SCV  
  25  2:51  Orbital Command  
  28  2:53  SCV, Starport  
  28  2:55  Barracks Reactor  
  28  2:57  Bunker  
  28  2:58  Factory Tech Lab  
  29  3:05  SCV  
  30  3:17  SCV  
  30  3:19  SCV  
  32  3:22  Siege Tank  
  35  3:31  SCV, Marine x2  
  35  3:32  SCV  
  35  3:33  Supply Depot  
  38  3:38  Medivac  
  40  3:43  SCV  
  40  3:44  SCV  
  42  3:58  SCV x2  
  42  4:02  Marine, Supply Depot  
  45  4:03  Stimpack, Command Center  
  45  4:10  SCV x2  
  45  4:11  Viking  
  49  4:22  SCV x2  
  51  4:25  Barracks  
  51  4:26  Factory Reactor  
  51  4:28  Marine  
  51  4:29  Barracks  
  52  4:34  SCV x2  
  54  4:39  Refinery  
  54  4:40  Refinery  
  54  4:43  Supply Depot  
  54  4:48  SCV x2  
  54  4:49  Starport Reactor  
  54  4:50  Marine  
  57  4:59  Engineering Bay  
  57  5:00  Engineering Bay  
  57  5:02  SCV x2  
  59  5:08  Marine  
  59  5:14  SCV x2, Orbital Command  
  62  5:16  Marine x2  
  62  5:17  Factory Reactor  
  64  5:26  SCV x2  
  64  5:27  Marine x3  
  69  5:28  Medivac x2  
  69  5:30  Terran Infantry Weapons Level 1  
  69  5:33  Terran Infantry Armor Level 1  
  73  5:38  SCV x2  
  75  5:49  Orbital Command, Marine x2  
  75  5:50  Marine x2  
  75  5:54  SCV x2  
  81  5:59  Supply Depot  
  81  6:01  Supply Depot x2  
  81  6:06  SCV x2  
  81  6:07  Combat Shields  
  81  6:08  Marine x2  
  85  6:21  SCV x3, Marine x3  
  85  6:23  Widow Mine x2, Barracks x2  
  95  6:33  SCV x3  
  95  6:35  Marine x2, Medivac x2  
  95  6:38  Marine x3  
  102  6:43  Armory  
  102  6:45  SCV x3  
  100  6:55  Marine x2  
  100  6:56  Marine x3, Widow Mine x2  
  109  7:02  Missile Turret  
  109  7:05  Refinery  
  109  7:06  Bunker  
  109  7:09  Supply Depot  
  109  7:10  Supply Depot  
  109  7:11  Barracks Reactor x2  
  109  7:12  Supply Depot  
  109  7:13  Refinery  
  109  7:18  Marine x5  
  112  7:25  Widow Mine x2  
  116  7:30  Factory, Medivac x2  
  116  7:35  Supply Depot  
  116  7:36  Supply Depot  
  120  7:38  Marine x4, Marauder  
  120  7:43  Terran Infantry Armor Level 2, Terran Infantry Weapons Level 2  
  126  7:51  Marine x4  
  126  7:55  Marine x2  
  126  7:56  Marine x2  
  134  7:59  Marauder  
  136  8:06  Widow Mine x2  
  136  8:09  Marine x4, Medivac x2  
  147  8:13  Marine x4  
  148  8:20  Barracks  
  148  8:21  Marauder, Barracks  
  148  8:23  Supply Depot x2, Barracks  
  148  8:24  Supply Depot  
  149  8:29  Marine x4  
  149  8:31  Marine x4  
  157  8:36  Factory Tech Lab  
  157  8:42  Supply Depot  
  157  8:43  Supply Depot  
  157  8:44  Widow Mine x2  
  157  8:45  Marauder  
  163  8:55  Marine x8  
  168  9:07  Marauder  
  169  9:10  Thor  
  169  9:16  Marine x6  
  169  9:17  Marine x2  
  175  9:18  Widow Mine x2  
  170  9:26  Medivac x2  
  170  9:28  Marauder  
  165  9:37  Marine x10  
  173  9:49  Marauder  
  173  9:51  Widow Mine x2  
  173  9:52  Widow Mine  
  178  9:56  Medivac x2  
  183  10:01  Terran Infantry Weapons Level 3  
  165  10:13  Command Center  
  164  10:19  Marine x8, Marauder  
  164  10:20  Marine x3  
  176  10:32  Widow Mine x3  
  178  10:37  Marine x10, Medivac x2  
  178  10:38  Marine  
  178  10:41  Marauder  
  183  10:47  Concussive Shells  
  183  10:55  Marine x11  
  194  11:02  Marauder  
  137  11:13  Marine x11  
  142  11:21  Widow Mine x2  
  142  11:22  Widow Mine  
  142  11:24  Marauder  
  150  11:30  Marine x4  
  150  11:31  Marine x7  
  159  11:37  Medivac  
  159  11:38  Medivac  
  162  11:45  Marauder  
  144  11:57  Marine x10  
  144  11:59  Widow Mine  
  144  12:00  Widow Mine x2  
  143  12:06  Marauder  
  143  12:08  Medivac x2  
  134  12:29  Marine x11, Marauder  
  133  12:38  Widow Mine x2  
  133  12:39  Widow Mine  
  133  12:43  Medivac x2  
  128  12:56  Marine x4  
  128  12:57  Marine x6  
  120  13:00  Marine  
  120  13:04  Orbital Command  
  119  13:13  Widow Mine x3  
  125  13:21  Marine x10  
  125  13:25  Marine  
  128  13:42  Marine x10, Marauder  
  140  13:43  Marine  
Tags
 
Add a new tag
Caveats
  • Supply blocks, unpowered buildings, or Contaminate may cause inaccurate times.
  • Supply counts are checked every 10 seconds.